 Dungeon Crawl Stone Soup version 0.14-a0-1570-g671a4b6 (webtiles) character file.

205 PolkaDot the Vexing (level 4, -2/30 HPs)
             Began as a Vampire Enchanter on Dec 20, 2013.
             Slain by an orc
             ... wielding a +1,+2 orcish falchion
              (6 damage)
             ... on Level 2 of the Dungeon.
             The game lasted 00:11:40 (3874 turns).

PolkaDot the Vexing (Vampire Enchanter)             Turns: 3874, Time: 00:11:40

HP  -2/30        AC  4     Str  7      XL: 4   Next: 43%
MP   5/7         EV 12     Int 17      God:
Gold 107         SH  0     Dex 15      Spells:  2 memorised,  4 levels left

rFire  . . .     SeeInvis +     a - +1 dagger
rCold  + . .     Clarity  .     b - +1 robe
rNeg   + + .     Conserve .     (no shield)
rPois  +         rCorr    .     (no helmet)
rElec  .         rRot     +     e - +0 cloak
SustAb . .       Spirit   .     (no gloves)
rMut   .         Warding  .     (no boots)
Saprov . . .     Stasis   .     (no amulet)
                                (no ring)
                                o - ring of sustenance

@: regenerating slowly, bonded with blade, slightly resistant to hostile
enchantments, quite stealthy
A: fangs 3, see invisible, unbreathing
a: Bat Form


You were on level 2 of the Dungeon.
You were thirsty.

You visited 1 branch of the dungeon, and saw 3 of its levels.

You collected 107 gold pieces.

Inventory:

Hand weapons
 a - a +1,+1 dagger (weapon)
Missiles
 d - 12 darts (quivered)
Armour
 b - a +1 robe (worn)
 e - a +0 cloak (worn)
Scrolls
 g - a scroll of random uselessness {unknown}
 h - a scroll of curse armour {unknown}
 j - a scroll of immolation {unknown}
 l - a scroll of remove curse
 m - a scroll of fog {unknown}
 n - a scroll of recharging
Jewellery
 o - a ring of sustenance (left hand)
Potions
 f - a potion of restore abilities
Books
 c - a book of Maledictions

   Spells                             Type                      Level
   *Corona                            Hexes                        1
   *Sure Blade                        Hexes/Charms                 2
   Ensorcelled Hibernation            Hexes/Ice                    2
   Confuse                            Hexes                        3
   Enslavement                        Hexes                        4
   Invisibility                       Hexes                        6


   Skills:
 - Level 2.0 Short Blades
 - Level 0.7 Throwing
 - Level 2.1 Dodging
 + Level 5.2 Stealth
 - Level 2.0 Spellcasting
 * Level 5.7 Hexes
 - Level 1.2 Charms


You had 4 spell levels left.
You knew the following spells:

 Your Spells              Type           Power        Failure   Level  Hunger
a - Corona                Hex            ###....      1%          1    #......
b - Sure Blade            Hex/Chrm       ##........   10%         2    ###....


Dungeon Overview and Level Annotations

Branches:
Dungeon (3/16)

Altars:


Innate Abilities, Weirdness & Mutations

You heal slowly.
You have razor-sharp teeth.*
You have supernaturally acute eyesight.
You can survive without breathing.*


Message History

You aren't carrying any items that can be evoked.
Casting: Sure Blade
Confirm with . or Enter, or press ? or * to list all spells.
You become one with your weapon.
The orc closely misses you.
You hit the orc.
The orc is lightly wounded.
The orc barely misses you.
You hit the orc.
The orc is moderately wounded.
The orc hits you with an orcish falchion.
* * * LOW HITPOINT WARNING * * *
You hit the orc.
The orc is heavily wounded.
You hit the orc.
The orc is almost dead.
The orc misses you.
You completely miss the orc.
The orc is almost dead.
The orc hits you with an orcish falchion.
You die...

########### #.........#
####
#.#######.#############...
#.# #............##... #.#
#..........>....). #.#
#@######.##.<.#.## #.# #o#
##.#..#..... #.# #.#
#....###..## #.# #.#
##..#..#...## #.# #.#
#...##...#.## #.# #.#
#..####.##.## #.# #.#
#..####(....) #.#
#.####...........) #.#
#....).........###


You could see an orc.

Vanquished Creatures
  Crazy Yiuf (D:2)
  A gnoll (D:1)
  An adder (D:2)
  A worm (D:2)
  A giant gecko (D:1)
  9 bats
  A giant cockroach (D:1)
  5 hobgoblins
  2 jackals (D:2)
  7 kobolds
  A ball python (D:1)
  A giant newt (D:1)
  5 goblins
  10 rats
46 creatures vanquished.

Notes
Turn   | Place    | Note
--------------------------------------------------------------
     0 | D:1      | PolkaDot, the Vampire Enchanter, began the quest for the Orb.
     0 | D:1      | Reached XP level 1. HP: 13/13 MP: 3/3
   527 | D:1      | Reached XP level 2. HP: 19/19 MP: 4/4
  1218 | D:1      | Reached XP level 3. HP: 24/24 MP: 6/6
  1584 | D:2      | Learned a level 2 spell: Sure Blade
  1931 | D:2      | Reached skill level 5 in Hexes
  2437 | D:2      | Noticed Crazy Yiuf
  2459 | D:2      | Killed Crazy Yiuf
  2459 | D:2      | Reached skill level 5 in Stealth
  2459 | D:2      | Reached skill level 1 in Charms
  2459 | D:2      | Reached XP level 4. HP: 21/30 MP: 7/7
  3874 | D:2      | Slain by an orc

Action                   |  1- 3 |  4- 6 || total
-------------------------+-------+-------++-------
Melee: Dagger            |   164 |    73 ||   237
 Cast: Corona            |     4 |     1 ||     5
       Sure Blade        |     6 |     5 ||    11
  Use: Potion            |     5 |     1 ||     6
       Scroll            |       |     3 ||     3
 Stab: Sleeping          |     5 |     3 ||     8
